 Dungeon Crawl Stone Soup version 0.29.1-12-g30fa7ad0bf (webtiles) character file.

Game seed: 11642784140367179704

234 BeingJoeMalik the Cudgeller (level 6, 0/33 (35) HPs)
             Began as a Tengu Gladiator on Jan 10, 2023.
             Was an Initiate of Dithmenos.
             Slain by a wight
             ... wielding a +0 battleaxe
              (8 damage)
             ... on level 4 of the Dungeon.
             The game lasted 00:07:04 (3538 turns).

BeingJoeMalik the Cudgeller (Tengu Gladiator)       Turns: 3538, Time: 00:07:04

HP:   0/33 (35)     AC:  5    Str: 14    XL:     6   Next: 5%
MP:   7/7           EV: 15    Int:  9    God:    Dithmenos [......]
Gold: 147           SH:  0    Dex: 17    Spells: 5/5 levels left

rFire   . . .      SeeInvis .   a - +0 flail
rCold   . . .      Faith    .   (no shield)
rNeg    . . .      Spirit   .   b - +0 leather armour
rPois   .          Reflect  .   o - +2 hood of the Assassin {Detection Stab+ Stlth++}
rElec   .          Harm     .   (no cloak)
rCorr   .          Rampage  .   (no gloves)
Will    .....                   (boots unavailable)
Stlth   +++.......              (no amulet)
HPRegen 0.11/turn               (no ring)
MPRegen 0.10/turn               (no ring)

@: flying quickly and evasively, drained, quick
A: beak, talons 3, nimble flight
a: Renounce Religion


You were on level 4 of the Dungeon.
You worshipped Dithmenos.
Dithmenos was noncommittal.
You visited 1 branch of the dungeon, and saw 4 of its levels.

You collected 147 gold pieces.

Inventory:

Hand Weapons
 a - a +0 flail (weapon)
Missiles
 d - 2 throwing nets (quivered)
 e - 9 javelins
 l - 2 poisoned darts
Armour
 b - a +0 leather armour (worn)
 o - the +2 hood of the Assassin (worn) {Detection Stab+ Stlth++}
   (You acquired it on level 4 of the Dungeon)

   It allows the wearer to sense nearby creatures.
   It allows the wearer to make particularly effective stabbing attacks against
   helpless or unaware enemies with any weapon.
   Stlth:     It makes you much more stealthy.
 s - an orb of mayhem
Scrolls
 f - a scroll of poison
 j - a scroll of teleportation
 k - a scroll of vulnerability
 q - a scroll of brand weapon {unknown}
 t - a scroll of identify {unknown}
Potions
 g - 3 potions of might {unknown}
 h - a potion of ambrosia {unknown}
 i - 2 potions of degeneration {unknown}
 m - a potion of brilliance {unknown}
 n - a potion of flight {unknown}
 p - a potion of mutation {unknown}
 r - 2 potions of curing {unknown}


   Skills:
 - Level 2.0 Fighting
 + Level 7.2 Maces & Flails
 - Level 2.0 Throwing
 - Level 3.2 Dodging


You had 5 spell levels left.
You didn't know any spells.
Your spell library contained the following spells:

 Spells                   Type           Power      Damage    Failure   Level
 Slow                     Hex            0%         N/A       45%         1
 Confusing Touch          Hex            0%         N/A       83%         3
 Gell's Gravitas          Tloc           0%         N/A       83%         3
 Ozocubu's Armour         Ice            0%         N/A       83%         3
 Teleport Other           Tloc           0%         N/A       83%         3
 Vampiric Draining        Necr           0%         2d6       83%         3
 Metabolic Englaciation   Hex/Ice        0%         N/A       100%        5
 Dispersal                Tloc           0%         N/A       100%        6
 Simulacrum               Ice/Necr       0%         N/A       100%        6


Dungeon Overview and Level Annotations

Branches:
Dungeon (4/15)
 Temple: D:4-7

Altars:
Dithmenos
Makhleb
Vehumet
Wu Jian
Yredelemnul


Innate Abilities, Weirdness & Mutations

You have a beak for a mouth.
You have claws for feet.
Your magical nature lets you fly swiftly and evasively.


Message History

You hit the mummy but do no damage. Your kick misses the mummy.
The mummy is almost destroyed.
The mummy hits you but does no damage.
You hit the mummy.
You destroy the mummy!
Dithmenos accepts your kill.
You reach down and open the door.
A human zombie comes into view.
Found a basalt altar of Yredelemnul.
There is an open door here.
You hit the human zombie. You claw the human zombie.
The human zombie is lightly damaged.
The human zombie barely misses you.
You sock the human zombie!
The human zombie is moderately damaged.
The human zombie hits you.
You hit the human zombie. Your peck misses the human zombie.
The human zombie is heavily damaged.
The human zombie closely misses you.
You sock the human zombie! You claw the human zombie!
The human zombie is severely damaged.
You thump the human zombie!
You peck the human zombie, but do no damage.
The human zombie is almost destroyed.
The human zombie hits you.
You hit the human zombie.
You destroy the human zombie!
Dithmenos accepts your kill.
Your Maces & Flails skill increases to level 7!
You have reached level 6!
There is a basalt altar of Yredelemnul here.
There is an open door here.
You reach down and open the door.
A wight comes into view. It is wielding a +0 battleaxe.
You closely miss the wight. Your peck misses the wight.
The wight hits you with a +0 battleaxe!!
Ouch! That really hurt!
* * * LOW HITPOINT WARNING * * *
You feel drained.
You die...

#.............>....
#...........#####..
######...............#..
#....................#..
#.####...............#..
#.###############.......
#.8##)#_#{ { { {#.#..#..
#.###'#'#+#+#+#+#....#..
#..'...@........#...##..
#####'#z#+#+#+#+#.......
#.#.#{ { { #######.
##### ### ...... #.#
.##### #..##.# #....
#..##.# #.### #..##.#
#.# #..##.# #.#


You could see a wight.

Vanquished Creatures
  A wight (D:4)
  A human zombie (D:4)
  Jessica (D:2)
  A mummy (D:4)
  4 adders (D:2)
  A white imp (D:4)
  A dart slug (D:1)
  2 orcs
  7 bats
  7 endoplasms
  2 giant cockroaches (D:1)
  4 goblins
  6 hobgoblins
  6 jackals
  8 kobolds
  5 ball pythons
  4 frilled lizards
  5 rats
66 creatures vanquished.

Notes
Turn   | Place    | Note
-------+----------+-------------------------------------------
     0 | D:1      | BeingJoeMalik the Tengu Gladiator began the quest for the
                  | Orb.
     0 | D:1      | Reached XP level 1. HP: 12/12 MP: 2/2
   212 | D:1      | Reached XP level 2. HP: 6/17 MP: 3/3
   244 | D:1      | Reached skill level 4 in Maces & Flails
   742 | D:1      | Reached XP level 3. HP: 21/21 MP: 4/4
   929 | D:1      | Found a faded altar of an unknown god.
  1209 | D:2      | Reached skill level 5 in Maces & Flails
  1667 | D:2      | Reached XP level 4. HP: 26/26 MP: 5/5
  2018 | D:2      | Noticed Jessica
  2024 | D:2      | Killed Jessica
  2263 | D:2      | Reached skill level 6 in Maces & Flails
  2392 | D:3      | Found a burning altar of Makhleb.
  2576 | D:3      | Found a shadowy altar of Dithmenos.
  2576 | D:3      | Found a radiant altar of Vehumet.
  2581 | D:3      | Became a worshipper of Dithmenos the Shadowed
  2612 | D:3      | Gained mutation: Your magical nature lets you fly swiftly
                  | and evasively. [Tengu growth]
  2612 | D:3      | Reached XP level 5. HP: 25/30 MP: 6/6
  3199 | D:4      | Found an ornate altar of the Wu Jian Council.
  3248 | D:4      | Identified a scroll of acquirement
  3248 | D:4      | Acquired the +2 hood of the Assassin {Detection Stab+
                  | Stlth++}
  3248 | D:4      | Found the +2 hood of the Assassin {Detection Stab+ Stlth++}
  3526 | D:4      | Found a basalt altar of Yredelemnul.
  3534 | D:4      | Reached skill level 7 in Maces & Flails
  3534 | D:4      | Reached XP level 6. HP: 27/35 MP: 7/7
  3538 | D:4      | Slain by a wight

Illustrated notes

Levels and vault maps discovered:
D:1:      erik_arrival_blinker_ship, layout_rooms,
          shapermc_ecumenical_altar_petra
D:2:      layout_basic, serial_forest, infiniplex_forest_clump_tiny,
          infiniplex_forest_join, infiniplex_forest_lined_room_2,
          infiniplex_forest_side_room, infiniplex_forest_lined_4_way,
          uniq_jessica
D:3:      layout_basic, mainiacjoe_overflow_cross_hatched,
          nicolae_overflow_two_pavilions
D:4:      layout_basic, mainiacjoe_overflow_alcove_1,
          mainiacjoe_overflow_small_starburst,
          lemuel_mausoleum_altar_yredelemnul

Skill      XL: |  1  2  3  4  5 |
---------------+----------------+-----
Maces & Flails | 4 5 6 7 |  7.2
Fighting       | |  2.0
Throwing       | |  2.0
Dodging        | |  3.2

Action                   |  1- 3 |  4- 6 || total
-------------------------+-------+-------++-------
Melee: Flail             |    68 |    65 ||   133
       Kick              |    14 |    13 ||    27
       Peck              |    10 |     7 ||    17
Throw: Dart              |     2 |       ||     2
       Throwing net      |     2 |       ||     2
       Javelin           |     1 |       ||     1
  Use: Scroll            |       |     4 ||     4
 Stab: Sleeping          |     3 |     3 ||     6
       Held in net/web   |     1 |       ||     1
Armor: Leather armour    |    18 |     8 ||    26
Dodge: Dodged            |    43 |    31 ||    74
